 Dungeon Crawl Stone Soup version 0.30-a0-883-g5ad918d77d (webtiles) character file.

Game seed: 13642218650465069252

217 Firecrotchwizard the Chopper (level 5, -1/48 HPs)
             Began as a Hill Orc Berserker on Mar 17, 2023.
             Was a Believer of Trog.
             Slain by a gnoll
             ... wielding a +0 spear
             ... led by a gnoll bouda
              (7 damage)
             ... on level 4 of the Dungeon.
             The game lasted 00:03:55 (2798 turns).

Firecrotchwizard the Chopper (Hill Orc Berserker)   Turns: 2798, Time: 00:03:55

Health: -1/48      AC:  6    Str: 22    XL:     5   Next: 94%
Magic:  5/5        EV: 11    Int: 13    God:    Trog [**....]
Gold:   190        SH:  0    Dex: 10    Spells: 4/4 levels left

rFire   . . .      SeeInvis .    p - +8 hand axe of Lanoew {heavy, Int+6}
rCold   . . .      Faith    .    (no shield)
rNeg    . . .      Spirit   .    h - +0 ring mail
rPois   .          Reflect  .    g - +0 helmet
rElec   .          Rampage  .    (no cloak)
rCorr   .                        (no gloves)
Will    .....                    (no boots) Stlth
                                 (no amulet)
HPRegen 0.28/turn                Q - +4 ring of slaying
MPRegen 0.09/turn                (no ring)

@: no status effects
A: no striking features
a: Renounce Religion, Berserk, Trog's Hand


You were on level 4 of the Dungeon.
You worshipped Trog.
Trog was pleased with you.
You visited 1 branch of the dungeon, and saw 4 of its levels.

You collected 190 gold pieces.

Inventory:

Hand Weapons
 a - a +0 hand axe
 p - the +8 hand axe of Lanoew (weapon) {heavy, Int+6}
   (You found it on level 3 of the Dungeon)

   Int:       It affects your intelligence (+6).
Missiles
 f - 6 poisoned darts
 o - 5 boomerangs
 s - 54 stones (quivered)
Armour
 b - a +0 animal skin
 g - a +0 helmet (worn)
   (You found it on level 1 of the Dungeon)
 h - a +0 ring mail (worn)
   (You found it on level 1 of the Dungeon)
Jewellery
 Q - a +4 ring of slaying (left hand)
   (You found it on level 3 of the Dungeon)
Wands
 e - a wand of charming (5)
   (You found it on level 3 of the Dungeon)
 i - a wand of iceblast (5)
   (You found it on level 3 of the Dungeon)
Scrolls
 l - 4 scrolls of torment {unknown}
 m - a scroll of immolation {unknown}
 n - 2 scrolls of amnesia {unknown}
 q - 4 scrolls of identify {unknown}
 r - a scroll of enchant weapon {unknown}
Potions
 c - 3 potions of attraction {unknown}
 d - 2 potions of heal wounds {unknown}
 j - a potion of degeneration {unknown}
 k - a potion of berserk rage {unknown}
 t - a potion of mutation {unknown}


   Skills:
 + Level 5.0 Fighting
 * Level 6.6 Axes
 + Level 3.6 Armour
 - Level 1.5 Dodging


You had 4 spell levels left.
You didn't know any spells.
Your spell library was empty.

Dungeon Overview and Level Annotations

Branches:
Dungeon (4/15)
 Temple: D:4-7

Altars:
Okawaru


Message History

You see here a scroll labelled BAYROA CELOADO.
You hit the scorpion. The scorpion closely misses you.
You closely miss the scorpion.
The scorpion stings you but does no damage.
The scorpion stings you.
You take 3 damage, and have 44/47 hp.
You slice the scorpion!!
You kill the scorpion!
Trog accepts your kill.
Your Fighting skill increases to level 5!
r - a scroll labelled BAYROA CELOADO Health restored: 48
s - 50 stones (gained 6)
t - a lumpy purple potion
q - 4 scrolls labelled ISCHA MEG WUIFOEZY (gained 1)
A ball python comes into view.
The ball python hisses angrily.
The ball python moves out of view.
A ball python is nearby!
You see here 4 stones.
The ball python misses you. The ball python grabs you.
The ball python constricts you.
You slash the ball python!
You kill the ball python!
Trog accepts your kill.
You see here a ball python corpse.
s - 54 stones (gained 4)
You now have 180 gold pieces (gained 12).
A goblin comes into view. It is wielding a +0 dagger.
Found a stone staircase leading down.
The goblin shouts!
A goblin comes into view. It is wielding a +1 dagger of venom.
The goblin barely misses you.
You closely miss the goblin.
The goblin shouts!
The goblin hits you with a +0 dagger.
You take 1 damage, and have 47/48 hp.
You slice the goblin!!
You kill the goblin!
Trog accepts your kill.
You see here a +0 dagger.
Health restored: 48 You slice the goblin!!
You kill the goblin!
Trog accepts your kill.
Things that are here:
a +1 dagger of venom; a goblin corpse You now have 190 gold pieces (gained 10).
A hobgoblin comes into view.
The hobgoblin shouts!
You hear a shout! x2
A gnoll comes into view. It is wielding a +0 spear.
The gnoll shouts!
You hear a shout!
A gnoll comes into view. It is wielding a +0 halberd.
A gnoll comes into view. It is wielding a +0 whip.
The gnoll shouts! x2
The hobgoblin hits you but does no damage.
You closely miss the hobgoblin.
A gnoll bouda comes into view. It is wielding a +0 club.
The hobgoblin hits you.
You take 1 damage, and have 47/48 hp.
You closely miss the hobgoblin.
A gnoll comes into view. It is wielding a +0 halberd.
The hobgoblin hits you.
The hobgoblin hits you but does no damage.
The gnoll hits you from afar with a +0 spear.
You take 7 damage, and have 40/48 hp.
You barely miss the hobgoblin.
The gnoll shouts!
The gnoll bouda barks out a call to the hunt!
The gnolls pick up the pace!
The gnoll hits you from afar with a +0 spear.
The gnoll closely misses you. The hobgoblin closely misses you.
You take 1 damage, and have 39/48 hp.
You slash the hobgoblin!
You kill the hobgoblin!
Trog accepts your kill.
The gnoll hits you from afar with a +0 spear.
The gnoll closely misses you. The gnoll barely misses you.
The gnoll hits you from afar with a +0 spear.
The gnoll hits you from afar with a +0 halberd.
You take 10 damage, and have 29/48 hp.
MASSIVE DAMAGE!!
You hit the gnoll.
The gnoll hits you from afar with a +0 halberd!
The gnoll hits you from afar with a +0 spear.
The gnoll barely misses you.
You take 14 damage, and have 15/48 hp.
MASSIVE DAMAGE!!
The gnoll hits you but does no damage. The gnoll misses you.
The gnoll hits you with a +0 spear.
* * * LOW HITPOINT WARNING * * *
The gnoll barely misses you.
You take 4 damage, and have 11/48 hp.
You completely miss the gnoll. You closely miss the gnoll.
You slash the gnoll bouda! You hit the gnoll.
The gnoll hits you from afar with a +0 halberd.
* * * LOW HITPOINT WARNING * * *
The gnoll misses you. The gnoll hits you with a +0 spear!
You die...

.##.###.##.....
###...#.##.........
#####...# .........
........##........
...........#.##.#### ###
..........##.#.....#..!.
..........##........(...
......)...##.....g......
................@gg.....
......)...##...g.g......
...>.....###............
........................
##.........#............
#.........##...........
#.........###.....#....
#.........# ###########
#.........#


You could see a gnoll bouda and 4 gnolls.

Vanquished Creatures
  A scorpion (D:4)
  A sleepcap (D:4)
  2 gnolls (D:3)
  3 adders
  2 dart slugs (D:1)
  2 orcs (D:3)
  3 bats (D:1)
  10 endoplasms
  4 giant cockroaches
  14 goblins
  10 hobgoblins
  A kobold (D:3)
  5 quokkas
  5 ball pythons
  3 frilled lizards (D:2)
  2 rats
68 creatures vanquished.

Vanquished Creatures (others)
  A gnoll (D:3)
1 creature vanquished.

Grand Total: 69 creatures vanquished

Notes
Turn   | Place    | Note
-------+----------+-------------------------------------------
     0 | D:1      | Firecrotchwizard the Hill Orc Berserker began the quest for
                  | the Orb.
     0 | D:1      | Reached XP level 1. HP: 19/19 MP: 1/1
   306 | D:1      | Reached XP level 2. HP: 27/27 MP: 2/2
   789 | D:1      | Reached skill level 4 in Fighting
   925 | D:2      | Reached XP level 3. HP: 29/33 MP: 3/3
   954 | D:2      | Reached skill level 5 in Axes
  1123 | D:2      | Reached ** piety under Trog
  1172 | D:2      | Found a faded altar of an unknown god.
  1321 | D:2      | Reached XP level 4. HP: 35/40 MP: 4/4
  1562 | D:2      | Reached skill level 3 in Armour
  1957 | D:3      | Found an iron altar of Okawaru.
  2353 | D:3      | Reached XP level 5. HP: 47/47 MP: 5/5
  2384 | D:3      | Identified the +8 hand axe of Lanoew {heavy, Int+6}
  2679 | D:4      | Reached skill level 6 in Axes
  2696 | D:4      | Reached skill level 5 in Fighting
  2797 | D:4      | HP: 11/48 [gnoll/+0 spear[a gnoll bouda] (4)]
  2798 | D:4      | Slain by a gnoll

Illustrated notes

Levels and vault maps discovered:
D:1:      lightli_arrival_boilingwater, layout_loops_corners,
          minmay_tromino_v4_c
D:2:      cheibrodos_greedy_goblins, layout_basic,
          hellmonk_ecumenical_altar_heavens_door
D:3:      layout_loops_corners, okawaru_gym_becter
D:4:      layout_rooms, mainiacjoe_overflow_paths

Skill      XL: |  1  2  3  4  5 |
---------------+----------------+-----
Fighting       | 4 5 |  5.0
Axes           | 5 6 |  6.6
Armour         | 3 |  3.6
Dodging        | |  1.5

Action                     |  1- 3 |  4- 6 || total
---------------------------+-------+-------++-------
  Melee: Hand axe          |    98 |    90 ||   188
         Punch             |     1 |       ||     1
  Evoke: Wand              |       |     1 ||     1
 Armour: Animal skin       |     8 |       ||     8
         Ring mail         |    24 |    36 ||    60
  Dodge: Dodged            |    63 |    56 ||   119

Table legend: (Time is in decaauts)
 A = Elapsed time spent in this place.
 B = Non-inter-level travel time spent in this place.
 C = Inter-level travel time spent in this place.
 D = Time resting spent in this place.
 E = Time spent auto-exploring this place.
 F = Levels seen in this place.
 G = Mean time per level.
                   A        B        C        D        E       F      G
               +--------+--------+--------+--------+--------+-----+--------+
         Total |   2814 |   2761 |     53 |      0 |   2306 |   4 |  703.5 |
       Dungeon |   2814 |   2761 |     53 |      0 |   2306 |   4 |  703.5 |
               +--------+--------+--------+--------+--------+-----+--------+

Top non-repeatable levels by time:
     D:3: 1033 daAuts
     D:1: 917 daAuts
     D:2: 727 daAuts
     D:4: 136 daAuts

Table legend:
 A = Kills in this place as a percentage of kills in the entire game.
 B = Kills by you in this place as a percentage of kills by you in the entire game.
 C = Kills by friends in this place as a percentage of kills by friends in the entire game.
 D = Other kills in this place as a percentage of other kills in the entire game.
 E = Experience gained in this place as a percentage of experience gained in the entire game.
 F = Experience gained in this place divided by the number of levels of this place that you have seen.
                   A       B       C       D       E      F
               +-------+-------+-------+-------+-------+----------------------
         Total | 100.0 | 100.0 |   N/A |   N/A | 100.0 |  77.8
       Dungeon | 100.0 | 100.0 |   N/A |   N/A | 100.0 |  77.8
               +-------+-------+-------+-------+-------+----------------------
